 Dungeon Crawl Stone Soup version 0.24.0-35-gdb84b6a5db (webtiles) character file.

Game seed: 5929534837384043949, levelgen mode: deterministic

7750 Nattfarinn the Archer (level 11, -6/97 HPs)
             Began as a Centaur Hunter on Nov 19, 2019.
             Was an Elder of Okawaru.
             Killed from afar by Erica (22 damage)
             ... with an orb of energy
             ... on level 8 of the Dungeon.
             The game lasted 00:28:31 (11667 turns).

Nattfarinn the Archer (Centaur Hunter)             Turns: 11667, Time: 00:28:32

Health: -6/97      AC: 14    Str: 15    XL:     11   Next: 0%
Magic:  11/11      EV:  5    Int: 10    God:    Okawaru [****..]
Gold:   454        SH:  0    Dex: 13    Spells: 10/10 levels left

rFire    . . .     SeeInvis .   a - +2 shortbow (freeze)
rCold    + . .     Gourm    .   (shield currently unavailable)
rNeg     . . .     Faith    .   C - +2 chain mail {rC+}
rPois    .         Spirit   .   (no helmet)
rElec    .         Reflect  .   w - +0 cloak
rCorr    .         Harm     .   l - +0 pair of gloves
MR       .....                  (no barding)
Stlth    ..........             (no amulet)
HPRegen  0.26/turn              (no ring)
MPRegen  0.12/turn              (no ring)

@: very quick
A: large, hooves 3, deformed body, speed 2, tough skin 3
a: Heroism, Renounce Religion


You were on level 8 of the Dungeon.
You worshipped Okawaru.
Okawaru was greatly pleased with you.
You were not hungry.

You visited 2 branches of the dungeon, and saw 10 of its levels.

You collected 454 gold pieces.

Inventory:

Hand Weapons
 a - a +2 shortbow of freezing (weapon)
 b - a +1 dagger of venom
Missiles
 d - 120 arrows (quivered)
 E - 70 bolts
Armour
 h - a +0 plate armour
 l - a +0 pair of gloves (worn)
 r - a +0 scale mail
 w - a +0 cloak (worn)
 C - a +2 chain mail of cold resistance (worn)
Wands
 p - a wand of polymorph (10)
 u - a wand of flame (15)
 y - a wand of acid (10)
 F - a wand of enslavement (10)
Scrolls
 i - 2 scrolls of fog
 j - 8 scrolls of remove curse
 q - 5 scrolls of magic mapping
 t - 3 scrolls of identify
 x - a scroll of blinking {unknown}
 G - a scroll of random uselessness {unknown}
 H - 2 scrolls of teleportation
 I - a scroll of enchant weapon
 J - a scroll of enchant armour {unknown}
Potions
 c - a potion of agility {unknown}
 e - 3 potions of flight
 g - 2 potions of cancellation
 k - a potion of brilliance
 m - a potion of might
 n - a potion of heal wounds {unknown}
 o - 2 potions of lignification {unknown}
 v - 2 potions of magic {unknown}
 z - 2 potions of ambrosia {unknown}
 A - 3 potions of invisibility {unknown}
 B - a potion of berserk rage {unknown}
 D - a potion of experience {unknown}
Comestibles
 f - 13 rations
 s - 8 chunks of flesh


   Skills:
 + Level 9.1 Fighting
 - Level 14.1 Bows
 * Level 7.6 Armour
 - Level 1.3 Dodging
 - Level 0.4 Stealth


You had 10 spell levels left.
You didn't know any spells.
Your spell library contained the following spells:

 Spells                   Type           Power        Failure   Level  Hunger
 Shock                    Conj/Air       #...         99%         1    ##.....
 Swiftness                Chrm/Air       #.......     100%        2    ###....
 Static Discharge         Conj/Air       #.......     100%        3    ####...
 Airstrike                Air            #.........   100%        4    #####..
 Lightning Bolt           Conj/Air       #.........   100%        5    ######.


Dungeon Overview and Level Annotations

Branches:
Dungeon (9/15)             Temple (1/1) D:4
   Lair: D:8-11         Orc: D:9-12

Altars:
Ashenzari
Cheibriados
Dithmenos
Elyvilon
Fedhas
Hepliaklqana
Makhleb
Nemelex Xobeh
Okawaru
Qazlal
Ru
Sif Muna
Trog
Uskayaw
Vehumet
Wu Jian
Xom
Yredelemnul
Zin
The Shining One

Shops:
D:5 *

Annotations:
D:8 Erica


Innate Abilities, Weirdness & Mutations

You have hooves in place of feet.
Armour fits poorly on your strangely shaped body.
You cover ground very quickly.
You have extremely tough skin. (AC +3)


Message History

The orc wizard shouts!
Firing (i - inventory)
d - 121 arrows (quivered)
Press: ? - help, Shift-Dir - straight line, f/p - Erica
Aim: Erica, wielding a +2 scimitar of flaming and wearing a +0 robe (lightly wounded)
You shoot an arrow. The arrow hits Erica!
The arrow freezes Erica.
Erica is moderately wounded.
Erica hits you with a +2 scimitar of flaming!
Erica burns you.
You are too injured to fight recklessly!
The orc wizard gestures wildly while chanting.
The orc wizard seems to speed up.
Erica barely misses you.
You climb upwards.
There is a stone staircase leading down here.
Unknown command.
Erica casts a spell at you. The orb of energy hits you!!
* * * LOW HITPOINT WARNING * * *
Erica points at you and mumbles some strange words.
The orb of energy hits you!!
You die...

................##########._.....
................#.....###........
..................###...#....8...
|.....#########.### ###.#........
.......## #.# #.##....._.
........## #.#### #.##.......
......#..## #....# #.####...#.
.##...#...########.####..###.###.
......#.#.#....(@.....@......# #.
.##..>......######..####..#### ##
.##...###..### ##...###...># #
.##...# ##...## #.........<.###
.###..# ##...####[............##
## ##.# ##.....#...).....<.....
## #.#######..[............#.###
.####.#....[.[...................
.>[[.....#######.....#[########.#


You could see Erica.

Vanquished Creatures
  2 deep elf magi (D:8)
  A manticore (D:9)
  A cyclops (D:8)
  A troll (D:9)
  A hornet (D:9)
  A slime creature (D:8)
  Sigmund (D:2)
  A wyvern (D:8)
  Eustachio (D:6)
  4 hogs (D:7)
  A human (D:7)
  A shadow (D:8)
  A vampire mosquito (D:8)
  2 orc warriors
  3 sky beasts
  An ice beast (D:9)
  A black bear (D:7)
  2 eyes of draining (D:3)
  A phantom (D:8)
  5 ogres
  6 centaurs
  A big kobold (D:9)
  4 bullfrogs
  A scorpion (D:7)
  A killer bee (D:8)
  5 wights
  3 howler monkeys
  A crimson imp (D:6)
  6 jellies
  3 bullfrog skeletons
  3 bullfrog zombies
  A centaur skeleton (D:8)
  2 hounds
  7 orc priests
  A gnoll shaman (D:8)
  Crazy Yiuf (D:3)
  Jessica (D:2)
  4 iguanas
  Ijyb (D:3)
  6 orc wizards
  5 worker ants
  Natasha (thrice) (D:3)
  A hound skeleton (D:4)
  A hound zombie (D:7)
  10 adders
  11 gnolls
  A shadow imp (D:6)
  10 oozes
  An adder skeleton (D:8)
  2 worms
  A dart slug (D:1)
  5 leopard geckos
  30 orcs
  4 bats
  2 giant cockroaches
  9 goblins
  5 hobgoblins
  5 jackals
  16 kobolds
  2 quokkas
  2 ball pythons
  4 frilled lizards
  A leopard gecko skeleton (D:5)
  11 rats
  A fungus (D:3)
233 creatures vanquished.

Vanquished Creatures (others)
  A shadow imp (D:5)
  3 fungi (D:3)
  9 toadstools (D:3)
13 creatures vanquished.

Grand Total: 246 creatures vanquished

Notes
Turn   | Place    | Note
-------+----------+-------------------------------------------
     0 | D:1      | Nattfarinn the Centaur Hunter began the quest for the Orb.
     0 | D:1      | Reached XP level 1. HP: 17/17 MP: 1/1
   191 | D:1      | Reached XP level 2. HP: 24/24 MP: 2/2
   725 | D:1      | Reached skill level 6 in Bows
   939 | D:2      | Reached XP level 3. HP: 27/30 MP: 3/3
   951 | D:2      | Found a radiant altar of Vehumet.
   964 | D:2      | Noticed Sigmund
  1299 | D:2      | Killed Sigmund
  1299 | D:2      | Reached skill level 7 in Bows
  1299 | D:2      | Reached skill level 1 in Armour
  1299 | D:2      | Reached XP level 4. HP: 16/38 MP: 4/4
  1299 | D:2      | Reached XP level 5. HP: 20/45 MP: 5/5
  2407 | D:2      | Noticed Jessica
  2543 | D:2      | Killed Jessica
  2543 | D:2      | Reached XP level 6. HP: 51/51 MP: 6/6
  2659 | D:3      | Noticed Natasha
  2670 | D:3      | Killed Natasha
  2670 | D:3      | Reached skill level 8 in Bows
  2732 | D:3      | Noticed Ijyb
  2739 | D:3      | Killed Ijyb
  2895 | D:3      | Found a faded altar of an unknown god.
  2924 | D:3      | Found a bloodstained altar of Trog.
  2979 | D:3      | Reached XP level 7. HP: 59/59 MP: 0/7
  3084 | D:3      | Noticed Natasha
  3093 | D:3      | Killed Natasha
  3163 | D:3      | Noticed Natasha
  3171 | D:3      | Killed Natasha
  3171 | D:3      | Reached skill level 9 in Bows
  3267 | D:3      | Found a stormy altar of Qazlal.
  3284 | D:3      | Found a blossoming altar of Fedhas.
  4147 | D:3      | Found a runed translucent door.
  4148 | D:3      | Noticed Crazy Yiuf
  4174 | D:3      | Killed Crazy Yiuf
  4276 | D:4      | Found a staircase to the Ecumenical Temple.
  5610 | D:5      | Entered Level 5 of the Dungeon
  5637 | D:5      | Found Ymoozy's Assorted Antiques.
  5737 | D:5      | Found a shattered altar of Ashenzari.
  5759 | D:5      | Reached skill level 10 in Bows
  6015 | D:5      | Found a sacrificial altar of Ru.
  6029 | D:5      | Reached skill level 5 in Fighting
  6029 | D:5      | Reached XP level 8. HP: 42/68 MP: 8/8
  6640 | Temple   | Entered the Ecumenical Temple
  6686 | Temple   | Became a worshipper of Warmaster Okawaru
  6804 | D:6      | Found a sparkling altar of Nemelex Xobeh.
  6804 | D:6      | Found a shadowy altar of Dithmenos.
  6828 | D:6      | Noticed Eustachio
  6853 | D:6      | Killed Eustachio
  6882 | D:6      | Reached skill level 11 in Bows
  7050 | D:6      | Reached * piety under Okawaru
  7582 | D:6      | Found a shimmering altar of Xom.
  7689 | D:6      | Reached XP level 9. HP: 37/75 MP: 9/9
  8046 | D:7      | Reached skill level 12 in Bows
  8559 | D:7      | Reached ** piety under Okawaru
  9141 | D:7      | Reached skill level 13 in Bows
  9141 | D:7      | Reached skill level 5 in Armour
  9191 | D:7      | Reached *** piety under Okawaru
 10023 | D:8      | Reached XP level 10. HP: 74/86 MP: 10/10
 10209 | D:8      | Noticed a cyclops
 10209 | D:8      | Noticed a deep elf mage
 10317 | D:8      | Killed a deep elf mage
 10317 | D:8      | Reached skill level 14 in Bows
 10507 | D:8      | Reached **** piety under Okawaru
 10510 | D:8      | Noticed a deep elf mage
 10526 | D:8      | Killed a cyclops
 10526 | D:8      | Received a gift from Okawaru
 10528 | D:8      | Killed a deep elf mage
 11111 | D:8      | Found a white marble altar of Elyvilon.
 11115 | D:8      | Found a shimmering blue altar of Sif Muna.
 11180 | D:8      | Received a gift from Okawaru
 11404 | D:9      | Noticed a manticore
 11418 | D:9      | Killed a manticore
 11602 | D:9      | Noticed Erica
 11641 | D:9      | Reached XP level 11. HP: 51/97 MP: 11/11
 11667 | D:8      | Killed from afar by Erica

Levels and vault maps discovered:
D:1:      lightli_arrival_noodles, layout_basic, lemuel_another_geyser
D:2:      layout_basic, vehumet_crystals, minmay_tetromino_s4, uniq_jessica,
          uniq_sigmund
D:3:      cheibrodos_fertilizer, layout_basic,
          grunt_temple_overflow_forces_of_nature,
          chequers_ecumenical_altar_island, fountainhead, trog_eyes_of_draining,
          uniq_natasha, uniq_ijyb, uniq_crazy_yiuf_cottage
D:4:      layout_basic, temple_pool_b
D:5:      layout_basic, lemuel_crystal_altar, evilmike_ruin_ashenzari,
          serial_shops, shop, first_ration, serial_park_tiny_2
D:6:      layout_basic, nemelex_xobeh_ov_fountains_minmay,
          grunt_dithmenos_smoke, xom_teletrap_fun, uniq_eustachio
D:7:      layout_loops_ring, grunt_livestock, grunt_decor_mini_mirrors
D:8:      layout_rooms, grunt_temple_overflow_open, minmay_evil_grid
D:9:      layout_rooms, billiards_dpeg, uniq_erica
Temple:   nicolae_temple_hex_pool

Skill      XL: |  1  2  3  4  5  6  7  8  9 10 |
---------------+-------------------------------+-----
Bows           | 6 7 8 10 11 13 14 | 14.1
Fighting       | 3 4 5 6 7 9 |  9.1
Armour         | 1 2 3 4 5 7 |  7.6
Dodging        | |  1.3
Stealth        | |  0.4

Action                   |  1- 3 |  4- 6 |  7- 9 | 10-12 || total
-------------------------+-------+-------+-------+-------++-------
Melee: Spear             |    38 |    45 |   163 |       ||   246
       Short sword       |     7 |       |       |       ||     7
       Kick              |     7 |     9 |   124 |    26 ||   166
       Shortbow          |     1 |       |       |       ||     1
       Dagger            |       |       |   249 |    63 ||   312
 Fire: Shortbow          |    43 |   124 |   212 |   208 ||   587
  Use: Scroll            |       |     4 |     7 |       ||    11
       Potion            |       |       |     7 |       ||     7
  Eat: Chunk             |       |     4 |    15 |     5 ||    24
       Ration            |       |       |     1 |       ||     1
Armor: Leather armour    |    16 |     5 |       |       ||    21
       Scale mail        |       |     2 |   188 |       ||   190
       Plate armour      |       |       |     3 |    38 ||    41
       Chain mail        |       |       |       |    28 ||    28
Dodge: Dodged            |    27 |    20 |   144 |    17 ||   208
